 Dungeon Crawl Stone Soup version 0.26-a0-682-g294304f6e8 (webtiles) character file.

Game seed: 8521134192499456806

(classic levelgen) 19 EnegeticOcto the Digger (level 2, -6/17 HPs)
             Began as a Halfling Earth Elementalist on Oct 20, 2020.
             Mangled by an iguana (11 damage)
             ... on level 3 of the Dungeon.
             The game lasted 00:02:27 (454 turns).

EnegeticOcto the Digger (HaEE)                       Turns: 454, Time: 00:02:28

Health: -6/17      AC:  2    Str:  9    XL:     2   Next: 95%
Magic:  0/4        EV: 15    Int: 13    God:
Gold:   42         SH:  0    Dex: 14    Spells: 3/4 levels left

rFire    . . .     SeeInvis .   i - +0 trident
rCold    . . .     Faith    .   (shield currently unavailable)
rNeg     . . .     Spirit   .   c - +0 robe
rPois    .         Reflect  .   (no helmet)
rElec    .         Harm     .   (no cloak)
rCorr    .         Rampage  .   (no gloves)
MR       .....                  (no boots)
Stlth    ++........             (no amulet)
HPRegen  0.05/turn              (no ring)
MPRegen  0.09/turn              (no ring)

@: very slightly contaminated
A: small, mutation resistance 1
a: no special abilities


You were on level 3 of the Dungeon.
You visited 1 branch of the dungeon, and saw 4 of its levels.

You collected 42 gold pieces.

Inventory:

Hand Weapons
 i - a +0 trident (weapon)
Missiles
 b - 35 stones (quivered)
Armour
 a - a +0 ring mail
 c - a +0 robe (worn)
Scrolls
 d - 2 scrolls of remove curse {unknown}
 e - a scroll of identify {unknown}
 g - a scroll of fog {unknown}
 h - a scroll of magic mapping {unknown}
Potions
 f - 2 potions of heal wounds {unknown}


   Skills:
 - Level 2.1 Dodging
 - Level 2.1 Stealth
 - Level 1.5 Spellcasting
   Level 0.5 Transmutations
 + Level 3.9 Earth Magic


You had 3 spell levels left.
You knew the following spells:

 Your Spells              Type           Power        Failure   Level
a - Sandblast             Erth           ##....       5%          1

Your spell library contained the following spells:

 Spells                   Type           Power        Failure   Level
 Passwall                 Tmut/Erth      #.......     16%         2
 Stone Arrow              Conj/Erth      #.....       34%         3
 Petrify                  Tmut/Erth      #.......     71%         4
 Lee's Rapid Deconstruct  Erth           ##........   82%         5


Dungeon Overview and Level Annotations

Branches:
Dungeon (4/15)
 Temple: D:4-7

Altars:
Makhleb


Innate Abilities, Weirdness & Mutations

You are small and have problems with some larger weapons.
You are somewhat resistant to further mutation.


Message History

b - 38 stones
There is an open door here.
Found 10 gold pieces.
Found a stone staircase leading down.
You now have 35 gold pieces (gained 10).
(D) Dungeon
Where to? (Enter - D:3, ? - help)
You see here a bat corpse.
There is a stone staircase leading down here.
You climb downwards.
Found 2 javelins, a fizzy cyan potion and 21 bolts.
Found a stone staircase leading up.
There is a stone staircase leading up here.
Found 13 gold pieces.
f - 2 fizzy cyan potions (gained 1)
There is a stone staircase leading up here.
You climb upwards.
There is a stone staircase leading down here.
Found a scroll labeled VISACH XIETH.
A goblin comes into view. It is wielding a +0 club.
Found 18 stones and 7 gold pieces.
The goblin shouts!
You hear a shout!
Found a trident.
You see here 7 gold pieces.
You now have 42 gold pieces (gained 7).
Found a whip.
Found a scroll labeled YJUHOES ZUTZ.
You enter the shallow water.
Moving in this stuff is going to be slow.
Found a stone staircase leading up.
You see here a trident.
i - a +0 trident (weapon)
You reach to attack!
You closely miss the goblin. You puncture the goblin!
You kill the goblin!
No target in view!
Things that are here:
a +0 club; a goblin corpse You enter the shallow water.
Moving in this stuff is going to be slow.
d - 2 scrolls labeled YJUHOES ZUTZ (gained 1)
Found a scroll labeled ONOSTIA XYVVI.
An iguana comes into view.
Casting: Sandblast (safe; 5% risk of failure)
Confirm with . or Enter, or press ? or * to list all spells.
Aiming: Sandblast (safe; 5% risk of failure)
Press: ? - help, Shift-Dir - straight line, f - iguana
Aim: an iguana (asleep)
You miscast Sandblast.
You are very lightly contaminated with residual magic.
Nothing appears to happen.
Casting: Sandblast (safe; 5% risk of failure)
Confirm with . or Enter, or press ? or * to list all spells.
Aiming: Sandblast (safe; 5% risk of failure)
Press: ? - help, Shift-Dir - straight line, f/p - iguana
Aim: an iguana (asleep)
The blast of sand hits the iguana.
The iguana is lightly wounded.
The iguana hisses angrily.
b - 37 stones
Casting: Sandblast (safe; 5% risk of failure)
Confirm with . or Enter, or press ? or * to list all spells.
Aiming: Sandblast (safe; 5% risk of failure)
Press: ? - help, Shift-Dir - straight line, f/p - iguana
Aim: an iguana (lightly wounded)
The blast of sand hits the iguana.
The iguana is moderately wounded.
b - 36 stones
Casting: Sandblast (safe; 5% risk of failure)
Confirm with . or Enter, or press ? or * to list all spells.
Aiming: Sandblast (safe; 5% risk of failure)
Press: ? - help, Shift-Dir - straight line, f/p - iguana
Aim: an iguana (moderately wounded)
The blast of sand hits the iguana but does no damage.
The iguana is moderately wounded.
b - 35 stones The iguana completely misses you.
Casting: Sandblast (safe; 5% risk of failure)
Confirm with . or Enter, or press ? or * to list all spells.
You don't have enough magic to cast that spell.
You hit the iguana.
The iguana is heavily wounded.
The iguana barely misses you.
You completely miss the iguana.
The iguana is heavily wounded.
The iguana misses you. The iguana bites you!
Ouch! That really hurt!
* * * LOW HITPOINT WARNING * * *
Your magical contamination has completely faded away.
You are too injured to fight recklessly!
You are too injured to fight recklessly!
Casting: Sandblast (safe; 5% risk of failure)
Confirm with . or Enter, or press ? or * to list all spells.
Aiming: Sandblast (safe; 5% risk of failure)
Press: ? - help, Shift-Dir - straight line, f/p - iguana
Aim: an iguana (heavily wounded)
You miscast Sandblast.
You are very lightly contaminated with residual magic.
Nothing appears to happen.
The iguana bites you!
Ouch! That really hurt!
You die...

#. #.##################
..................<. # #
#. #............ ...#.#.
#.≈≈≈≈≈.≈≈≈≈.
##....?######.≈≈≈≈≈)≈≈≈≈.
..............≈≈≈≈≈.≈≈≈≈.
......######l.≈≈≈≈≈.≈≈≈≈.
...........@...)....≈≈≈≈.
..............≈≈≈≈.......
..............≈≈≈≈.≈≈≈≈≈.
#. ...........≈≈≈≈.≈≈≈≈≈.
. ............≈≈≈≈.≈≈≈≈≈.
..........#.≈≈≈≈.≈≈≈≈≈.
.......................
..........##.#..#...###
...(.#...##.#..#.#.


You could see an iguana.

Vanquished Creatures
  A worm (D:2)
  A dart slug (D:2)
  A hobgoblin (D:2)
  A ball python (D:3)
  3 bats
  A frilled lizard (D:2)
  3 goblins
  3 kobolds (D:2)
  3 rats
17 creatures vanquished.

Notes
Turn   | Place    | Note
-------+----------+-------------------------------------------
     0 | D:1      | EnegeticOcto the Halfling Earth Elementalist began the
                  | quest for the Orb.
     0 | D:1      | Reached XP level 1. HP: 11/11 MP: 3/3
   168 | D:2      | Reached XP level 2. HP: 17/17 MP: 0/4
   211 | D:2      | Found a burning altar of Makhleb.
   211 | D:2      | Noticed a green death
   454 | D:3      | Mangled by an iguana

Illustrated notes

Levels and vault maps discovered:
D:1:      dpeg_chamrin_arrival_tetris, layout_basic, columned_hall_lemuel
D:2:      layout_basic, makhleb_altar_promises_db, cheibriados_altar_1
D:3:      layout_basic, lemuel_doored_altar, minivault_14, grunt_ministairs_4
D:4:      layout_basic, gammafunk_temple_overflow_claw, temple_statues

Action                   || total
-------------------------++-------
Melee: Trident           ||     4
 Cast: Sandblast         ||    25
  Use: Scroll            ||     1
Armor: Robe              ||     3
Dodge: Dodged            ||    13

Table legend: (Time is in decaauts)
 A = Elapsed time spent in this place.
 B = Non-inter-level travel time spent in this place.
 C = Inter-level travel time spent in this place.
 D = Time resting spent in this place.
 E = Time spent auto-exploring this place.
 F = Levels seen in this place.
 G = Mean time per level.
                   A        B        C        D        E       F      G
               +--------+--------+--------+--------+--------+-----+--------+
         Total |    458 |    418 |     40 |      0 |      0 |   4 |  114.5 |
       Dungeon |    458 |    418 |     40 |      0 |      0 |   4 |  114.5 |
               +--------+--------+--------+--------+--------+-----+--------+

Top non-repeatable levels by time:
     D:2: 230 daAuts
     D:1: 122 daAuts
     D:3: 96 daAuts
     D:4: 8 daAuts
